 Dungeon Crawl Stone Soup version 0.24.1-4-ge52af88ad5 (webtiles) character file.

Game seed: 15823217697150777469, levelgen mode: deterministic

95 Frank2 the Cudgeler (level 4, -2/33 HPs)
             Began as a Demonspawn Gladiator on Apr 12, 2020.
             Succumbed to a kobold's poison
             ... on level 2 of the Dungeon.
             The game lasted 00:01:18 (972 turns).

Frank2 the Cudgeler (Demonspawn Gladiator)           Turns: 972, Time: 00:01:19

Health: -2/33      AC:  6    Str: 14    XL:     4   Next: 40%
Magic:  3/4        EV: 12    Int:  9    God:
Gold:   95         SH:  0    Dex: 16    Spells: 3/3 levels left

rFire    . . .     SeeInvis .   a - +0 flail
rCold    . . .     Gourm    .   (no shield)
rNeg     . . .     Faith    .   h - +0 ring mail
rPois    .         Spirit   +   c - +0 helmet
rElec    .         Reflect  .   (no cloak)
rCorr    .         Harm     .   (no gloves)
MR       .....                  (no boots)
Stlth    +.........             (no amulet)
HPRegen  0.11/turn              (no ring)
MPRegen  0.18/turn              (no ring)

@: lethally poisoned (-2 -> -62)
A: magic shield, magic regeneration
a: no special abilities


You were on level 2 of the Dungeon.
You were not hungry.

You visited 1 branch of the dungeon, and saw 2 of its levels.

You collected 95 gold pieces.

Inventory:

Hand Weapons
 a - a +0 flail (weapon)
Missiles
 d - 4 throwing nets (quivered)
Armour
 c - a +0 helmet (worn)
 h - a +0 ring mail (worn)
Scrolls
 b - a scroll of remove curse {unknown}
 e - 2 scrolls of teleportation {unknown}
Comestibles
 f - 2 rations


   Skills:
 + Level 2.2 Fighting
 + Level 3.6 Maces & Flails
 + Level 1.8 Throwing
 + Level 1.3 Armour
 + Level 3.4 Dodging


You had 3 spell levels left.
You didn't know any spells.
Your spell library was empty.

Dungeon Overview and Level Annotations

Branches:
Dungeon (2/15)

Altars:


Innate Abilities, Weirdness & Mutations

When hurt, damage is shared between your health and your magic reserves.
You regenerate magic rapidly.


Message History

You are too injured to fight recklessly!
You barely miss the kobold.
The kobold is severely wounded.
You feel very sick.
The kobold hits you with a +4 dagger of venom.
* * * LOW HITPOINT WARNING * * *
You are more poisoned.
You hit the kobold but do no damage.
The kobold is severely wounded.
* * * LOW HITPOINT WARNING * * *
You feel very sick. The kobold hits you but does no damage.
You are more poisoned.
The kobold hits you but does no damage.
You are more poisoned.
You aren't carrying any potions.
You aren't carrying any potions.
You closely miss the kobold.
The kobold is severely wounded.
You die...

.......# #.....#
.......#. #.....######
.........###.#........
...........#.......###
.....# #.###.###.#
...# #.....# #.# #
#.###.##### #.#
####.##.....# #.#
#....)@.##### #.#
#.....K.# #.#
#.......# ...
#........ ...
#.......## #...)...#
#.......# #########


You could see a kobold.

Vanquished Creatures
  A hound (D:2)
  3 adders (D:2)
  A worm (D:2)
  A dart slug (D:1)
  A ball python (D:2)
  2 giant cockroaches (D:1)
  4 goblins
  7 hobgoblins
  3 kobolds
  6 bats
  4 rats
33 creatures vanquished.

Notes
Turn   | Place    | Note
-------+----------+-------------------------------------------
     0 | D:1      | Frank2 the Demonspawn Gladiator began the quest for the
                  | Orb.
     0 | D:1      | Reached XP level 1. HP: 16/16 MP: 1/1
   160 | D:1      | Gained mutation: When hurt, damage is shared between your
                  | health and your magic reserves. [demonic ancestry]
   160 | D:1      | Reached XP level 2. HP: 22/22 MP: 2/2
   397 | D:2      | Gained mutation: You regenerate magic rapidly. [demonic
                  | ancestry]
   397 | D:2      | Reached XP level 3. HP: 27/27 MP: 3/3
   425 | D:2      | Reached skill level 1 in Armour
   425 | D:2      | Reached XP level 4. HP: 20/33 MP: 4/4
   972 | D:2      | Succumbed to a kobold's poison

Levels and vault maps discovered:
D:1:      dpeg_arrival_windows_large_door, layout_rooms
D:2:      layout_loops_ring, nicolae_gozag_cash_rules_everything_around_me,
          serial_glass, glass_columns_b, glass_columns_c, first_ration,
          uniq_robin

Skill      XL: |  1  2  3 |
---------------+----------+-----
Dodging        | 3 |  3.4
Maces & Flails | 3 |  3.6
Armour         | 1 |  1.3
Fighting       | |  2.2
Throwing       | |  1.8

Action                   |  1- 3 |  4- 6 || total
-------------------------+-------+-------++-------
Melee: Flail             |    67 |    48 ||   115
Armor: Leather armour    |     8 |       ||     8
       Ring mail         |    22 |    31 ||    53
Dodge: Dodged            |    69 |    57 ||   126
